 Dungeon Crawl Stone Soup version 0.22.1-2-g9c5b331 (webtiles) character file.

88 Liatris the Chopper (level 4, -3/40 HPs)
             Began as a Hill Orc Fighter on Dec 27, 2018.
             Slain by a gnoll
             ... wielding a +0 halberd
              (9 damage)
             ... on level 2 of the Dungeon.
             The game lasted 00:07:50 (1915 turns).

Liatris the Chopper (Hill Orc Fighter)              Turns: 1915, Time: 00:07:51

Health: -3/40      AC:  9    Str: 19    XL:     4   Next: 54%
Magic:  0/4        EV:  7    Int:  8    God:
Gold:   40         SH:  9    Dex: 10    Spells: 3/3 levels left

rFire    . . .     SeeInvis .   a - +1 war axe
rCold    . . .     Gourm    .   c - +0 shield
rNeg     . . .     Faith    .   b - +0 scale mail
rPois    .         Spirit   +   e - +2 hat {MR+}
rElec    .         Reflect  .   (no cloak)
rCorr    .         Harm     .   (no gloves)
MR       +....                  (no boots)
Stlth    ..........             j - amulet of guardian spirit
HPRegen  0.13/turn              m - +3 ring of slaying
MPRegen  0.09/turn              (no ring)

@: no status effects
A: no striking features
a: no special abilities


You were on level 2 of the Dungeon.
You were not hungry.

You visited 1 branch of the dungeon, and saw 2 of its levels.

You collected 40 gold pieces.

Inventory:

Hand Weapons
 a - a +1 war axe (weapon)
Armour
 b - a +0 scale mail (worn)
 c - a +0 shield (worn)
 e - a +2 hat of magic resistance (worn)
Jewellery
 j - an amulet of guardian spirit (around neck)
 m - a +3 ring of slaying (left hand)
Scrolls
 g - 2 scrolls of teleportation
Potions
 d - a potion of might
 h - a potion of haste {unknown}
 k - a potion of resistance {unknown}
 l - a potion of heal wounds {unknown}
Comestibles
 f - 3 rations


   Skills:
 + Level 4.0 Fighting
 + Level 4.3 Axes
 + Level 4.1 Armour
 + Level 0.3 Dodging
 + Level 3.7 Shields


You had 3 spell levels left.
You didn't know any spells.
Your spell library was empty.

Dungeon Overview and Level Annotations

Branches:
Dungeon (2/15)

Altars:


Message History

Your scale mail prevents you from hitting the gnoll.
Your shield and scale mail prevent you from hitting the worm.
You completely miss the goblin. The goblin hits you but does no damage.
The gnoll hits you with a halberd.
* * * LOW HITPOINT WARNING * * *
The worm bites you.
* * * LOW HITPOINT WARNING * * *
You feel better. The goblin hits you.
* * * LOW HITPOINT WARNING * * *
You block the gnoll's attack. The worm bites you.
* * * LOW HITPOINT WARNING * * *
You hit the gnoll.
The gnoll is moderately wounded.
You slash the worm!
You kill the worm!
You hit the goblin.
You kill the goblin!
The gnoll barely misses you.
You feel better. The gnoll hits you with a halberd!
You die...

#........####....##....
#.......(# #.#........
#........# #.#...#....
#........# #..........
#......(.# ###.#.#....
*********##.....((.#
#.#.#....
,,,,,,,,,......)().#
#.#......
*********##....)(..#
***#.#...### #....g@..#
*,,#.#..>... *****#....)...#
#..#.#...... *,,,.......####
#..#.###.#..
*,,,.......****##..#.# #.#..
*,,,.......,,,,,...#.# #.#..
*,,,.......**#####.#.# #.#..
*,,,.......,,........# #.#..
*,,,.......**#####.#.###.#..
*,,,,,,,,,,* #...........###


You could see a gnoll.

Vanquished Creatures
  A hound skeleton (D:2)
  2 gnolls (D:2)
  A worm (D:2)
  3 dart slugs (D:1)
  2 leopard geckos
  A giant cockroach (D:1)
  6 hobgoblins
  3 jackals (D:1)
  4 bats
  A frilled lizard (D:1)
  8 goblins
  7 kobolds
  4 rats
43 creatures vanquished.

Notes
Turn   | Place    | Note
-------+----------+-------------------------------------------
     0 | D:1      | Liatris the Hill Orc Fighter began the quest for the Orb.
     0 | D:1      | Reached XP level 1. HP: 19/19 MP: 1/1
   230 | D:1      | Reached XP level 2. HP: 24/27 MP: 2/2
   613 | D:1      | Reached XP level 3. HP: 31/33 MP: 3/3
  1747 | D:2      | Reached XP level 4. HP: 40/40 MP: 4/4
  1913 | D:2      | HP: 1/40 [worm (6)]
  1915 | D:2      | Slain by a gnoll

Skill      XL: |  1  2  3  4 |
---------------+-------------+-----
Fighting       | 4 |  4.0
Axes           | 3 4 |  4.3
Armour         | 4 |  4.1
Dodging        | |  0.3
Shields        | |  3.7

Action                   |  1- 3 |  4- 6 || total
-------------------------+-------+-------++-------
Melee: War axe           |    97 |    16 ||   113
  Use: Scroll            |     8 |       ||     8
       Potion            |       |     2 ||     2
  Eat: Ration            |     1 |       ||     1
Armor: Scale mail        |    59 |    14 ||    73
Dodge: Dodged            |    41 |    10 ||    51
Block: Shield            |    62 |    18 ||    80
